 Dungeon Crawl Stone Soup version 0.18-a0-1109-gfc003ac (webtiles) character file.

147 wvc the Sneak (level 5, -11/38 HPs)
             Began as a Vampire Wanderer on Jan 16, 2016.
             Mangled by an ogre
             ... wielding a +0 giant club
              (24 damage)
             ... on level 4 of the Dungeon.
             The game lasted 00:06:39 (2941 turns).

wvc the Sneak (Vampire Wanderer)                    Turns: 2941, Time: 00:06:39

Health: -11/38     AC:  7    Str: 11    XL:     5   Next: 8%
Magic:  5/5        EV: 11    Int: 17    God:
Gold:   160        SH:  4    Dex: 12    Spells: 0 memorised, 4 levels left

rFire  . . .     SeeInvis +     b - +2 dagger (venom)
rCold  + . .     Gourm    .     d - +0 ring mail
rNeg   + + .     Faith    .     (no shield)
rPois  +         Spirit   .     n - +0 helmet
rElec  .         Dismiss  .     (no cloak)
rCorr  .         Reflect  +     (no gloves)
SustAt .         Harm     .     j - +0 pair of boots
MR     .....                    u - +4 amulet of reflection
Stlth  ++........               (no ring)
                                (no ring)

@: regenerating slowly, not resistant to hostile enchantments, unstealthy
A: fangs 3, see invisible, unbreathing
a: Bat Form


You were on level 4 of the Dungeon.
You were thirsty.

You visited 1 branch of the dungeon, and saw 4 of its levels.

You collected 160 gold pieces.

Inventory:

Hand Weapons
 b - a +2 dagger of venom (weapon)
 q - a +2 war axe of electrocution
 s - a +0 blowgun
Missiles
 f - 8 tomahawks of returning (quivered)
 t - 4 poisoned needles
Armour
 d - a +0 ring mail (worn)
 j - a +0 pair of boots (worn)
 n - a +0 helmet (worn)
Jewellery
 u - a +4 amulet of reflection (around neck)
Scrolls
 a - a scroll of random uselessness {unknown}
 c - a scroll of noise {unknown}
 g - a scroll of enchant weapon {unknown}
 i - a scroll of immolation {unknown}
 k - a scroll of teleportation {unknown}
 l - a scroll of magic mapping {unknown}
 o - a scroll of fear {unknown}
 p - 2 scrolls of identify {unknown}
Potions
 e - 4 potions of blood
 h - a potion of lignification
 m - a potion of flight {unknown}
 r - a potion of beneficial mutation {unknown}


   Skills:
 + Level 1.7 Fighting
 - Level 1.3 Short Blades
 * Level 1.1(2.1) Axes
   Level 2.4(2.5) Maces & Flails
 - Level 3.0 Armour
 - Level 2.4 Dodging
 - Level 4.4 Stealth
   Level 1.0 Evocations


You had 4 spell levels left.
You didn't know any spells.

Dungeon Overview and Level Annotations

Branches:
Dungeon (4/15)
 Temple: D:4-7

Altars:
Okawaru
Qazlal
Sif Muna
Yredelemnul


Innate Abilities, Weirdness & Mutations

You heal slowly.
You have razor-sharp teeth.
You have supernaturally acute eyesight.
You can survive without breathing.


Message History

You shoot a poisoned needle.
The poisoned needle barely misses the ogre.
Firing (i - inventory. (,) - cycle):
t - 5 poisoned needles (quivered)
Press: ? - help, Shift-Dir - straight line, f/p - ogre
Aim: an ogre, wielding a giant club (poisoned)
You shoot a poisoned needle. The poisoned needle hits the ogre!
The ogre looks even sicker.
There is a stone staircase leading up here.
Wield which item (- for none, * to show all)? (? for menu, Esc to quit)
It begins to drip with poison!
b - a +2 dagger of venom (weapon)
You hit the ogre.
The ogre looks even sicker.
The ogre is heavily wounded.
The ogre hits you with a giant club!!
Ouch! That really hurt!
The ogre closely misses you. The ogre hits you with a giant club.
The ogre hits you with a giant club!!
Ouch! That really hurt!
You die...

###### #....#
#....#
##############....#
(.(.(.............#
........@O........#
##############....#
#<...# ######


You could see an ogre.

Vanquished Creatures
  Robin (D:2)
  5 adders
  2 oozes
  3 worms
  A giant gecko (D:4)
  5 orcs (D:3)
  4 giant cockroaches
  11 goblins
  9 hobgoblins
  4 quokkas
  2 ball pythons
  7 bats
  3 giant newts
  6 kobolds
  5 rats
68 creatures vanquished.

Notes
Turn   | Place    | Note
--------------------------------------------------------------
     0 | D:1      | wvc the Vampire Wanderer began the quest for the Orb.
     0 | D:1      | wvc set off with: a +2 dagger, a potion of heal wounds, a +0 mace, a +0 ring mail, a potion of blood
     0 | D:1      | Reached XP level 1. HP: 15/15 MP: 1/1
   201 | D:1      | Reached XP level 2. HP: 21/21 MP: 2/2
   749 | D:2      | Reached skill level 1 in Dodging
   840 | D:2      | Reached XP level 3. HP: 24/26 MP: 3/3
   849 | D:2      | Found an iron altar of Okawaru.
  1138 | D:2      | Noticed Robin
  1170 | D:2      | Killed Robin
  1345 | D:2      | Reached XP level 4. HP: 25/32 MP: 4/4
  1351 | D:2      | Found a deep blue altar of Sif Muna.
  1352 | D:2      | Found a basalt altar of Yredelemnul.
  1666 | D:3      | Found a stormy altar of Qazlal.
  1788 | D:3      | Reached skill level 1 in Short Blades
  2151 | D:3      | Reached skill level 1 in Axes
  2151 | D:3      | Reached XP level 5. HP: 17/38 MP: 5/5
  2918 | D:4      | Noticed an ogre
  2941 | D:4      | Mangled by an ogre

Vault maps used:
D:1:      minmay_arrival_four_circles
D:2:      nicolae_overflow_hidden_temple, okawaru_gym_becter, serial_forest,
          infiniplex_forest_lined_1, infiniplex_forest_clump_tiny,
          infiniplex_forest_side_room, infiniplex_forest_clump_long,
          infiniplex_forest_fountain, uniq_robin
D:3:      nicolae_qazlal_general_emergency
D:4:      nicolae_ossuary_entry_monument, uniq_eustachio

Action                   |  1- 3 |  4- 6 || total
-------------------------+-------+-------++-------
Melee: Dagger            |   134 |    89 ||   223
 Fire: Blowgun           |       |     3 ||     3
  Use: Potion            |     3 |     1 ||     4
 Stab: Sleeping          |     4 |     6 ||    10
  Eat: Corpse            |     2 |     1 ||     3
